 Dungeon Crawl Stone Soup version 0.28-a0-1429-gf3d713df7a (webtiles) character file.

Game seed: 12804504925253308904

161 YayAnonymity the Vandal (level 5, -2/38 HPs)
             Began as a Demonspawn Hunter on Jan 9, 2022.
             Slain by a wraith (9 damage)
             ... in an ossuary.
             The game lasted 00:05:19 (3414 turns).

YayAnonymity the Vandal (Demonspawn Hunter)         Turns: 3414, Time: 00:05:20

Health: -2/38      AC:  3    Str: 15    XL:     5   Next: 18%
Magic:  5/5        EV: 15    Int: 12    God:
Gold:   195        SH:  0    Dex: 13    Spells: 4/4 levels left

rFire   . . .      SeeInvis .   b - +2 whip (elec)
rCold   . . .      Faith    .   (no shield)
rNeg    . . .      Spirit   .   c - +0 leather armour
rPois   .          Reflect  .   (helmet restricted)
rElec   .          Harm     .   (no cloak)
rCorr   .          Rampage  .   (no gloves)
Will    .....                   (no boots)
Stlth   ++........              x - amulet of regeneration
HPRegen 0.92/turn               (no ring)
MPRegen 0.09/turn               (no ring)

@: hasted and slowed
A: horns 1, repulsion field 2
a: no special abilities


You were in an ossuary.
You visited 1 branch of the dungeon, and saw 4 of its levels.
You also visited: Ossuary.

You collected 195 gold pieces.

Inventory:

Hand Weapons
 a - a +1 hunting sling
 b - a +2 whip of electrocution (weapon)
Missiles
 d - 16 sling bullets
 n - 81 stones
 r - 5 atropa-tipped darts
 u - 8 poisoned darts
Armour
 c - a +0 leather armour (worn)
 f - a +0 pair of boots
Jewellery
 x - an amulet of regeneration (around neck)
Wands
 w - a wand of iceblast (9)
Scrolls
 e - 2 scrolls of teleportation {unknown}
 g - a scroll of enchant armour {unknown}
 h - a scroll of immolation {unknown}
 j - a scroll of amnesia {unknown}
 l - a scroll of fog {unknown}
 o - a scroll of identify {unknown}
 p - a scroll of silence {unknown}
 q - a scroll of summoning {unknown}
 s - a scroll of holy word {unknown}
 t - a scroll of magic mapping {unknown}
 v - a scroll of acquirement {unknown}
 y - a scroll of blinking {unknown}
Potions
 i - 2 potions of haste
 k - a potion of might {unknown}
 m - 6 potions of curing {unknown}


   Skills:
 - Level 2.0 Fighting
 * Level 4.9 Slings
 + Level 2.9 Dodging
 + Level 2.4 Stealth


You had 4 spell levels left.
You didn't know any spells.
Your spell library contained the following spells:

 Spells                   Type           Power      Damage    Failure   Level
 Summon Lightning Spire   Summ/Air       0%         N/A       99%         4
 Storm Form               Tmut/Air       0%         N/A       100%        7
 Maxwell's Capacitive Co  Air            0%         ∞         100%        8


Dungeon Overview and Level Annotations

Branches:
Dungeon (4/15)            Ossuary (1/1)
 Temple: D:4-7

Altars:
Ashenzari

Shops:
D:3 [


Innate Abilities, Weirdness & Mutations

You have a pair of small horns on your head.
You are surrounded by a moderate repulsion field. (EV +3)


Message History

The wraith barely misses you.
You hit the wraith but do no damage. You headbutt the wraith.
The wraith is moderately damaged.
The wraith barely misses you.
You closely miss the wraith.
You headbutt the wraith, but do no damage.
The wraith is moderately damaged.
The wraith hits you. The wraith drains your vigour!
You feel yourself slow down.
You hit the wraith but do no damage.
You headbutt the wraith, but do no damage.
The wraith is moderately damaged.
The wraith barely misses you. The wraith hits you!
The wraith drains your vigour!
You feel as though you will be slow longer.
You are too injured to fight recklessly!
You are too injured to fight recklessly!
It was a potion of haste.
You feel yourself speed up. The wraith completely misses you.
You hit the wraith but do no damage. Lightning courses through the wraith!
Your headbutt misses the wraith.
The wraith is heavily damaged.
The wraith misses you.
You hit the wraith but do no damage.
The wraith is heavily damaged.
The wraith barely misses you.
You barely miss the wraith.
The wraith is heavily damaged.
The wraith hits you!
* * * LOW HITPOINT WARNING * * *
You hit the wraith. Your headbutt misses the wraith.
The wraith is severely damaged.
The wraith hits you but does no damage.
You hit the wraith.
You headbutt the wraith, but do no damage.
The wraith is severely damaged.
The wraith hits you.
* * * LOW HITPOINT WARNING * * *
The wraith hits you!
You die...

###############
...............
...............
#####'#####
##.........##
##...#####...##
##...##...##...##
#...##.!?!.##...#
+...@W?.!??.#...+
#...##..!?.##...#
##...##...##...##
##...#####...## .
##.........##...
..#####'#####....
.................
.................
######'''########


You could see a wraith.

Vanquished Creatures
  A hound skeleton (D:4)
  A mummy (Ossuary)
  4 gnolls (D:4)
  2 adders
  3 worms
  A dart slug (D:3)
  7 endoplasms
  A giant cockroach (D:4)
  7 goblins
  5 hobgoblins
  4 jackals (D:1)
  5 quokkas
  5 ball pythons (D:1)
  5 bats
  4 frilled lizards
  5 kobolds
  3 kobold skeletons (Ossuary)
  6 orc skeletons (Ossuary)
  A rat (D:1)
70 creatures vanquished.

Notes
Turn   | Place    | Note
-------+----------+-------------------------------------------
     0 | D:1      | YayAnonymity the Demonspawn Hunter began the quest for the
                  | Orb.
     0 | D:1      | Reached XP level 1. HP: 16/16 MP: 1/1
    24 | D:1      | Reached skill level 1 in Stealth
    65 | D:1      | Gained mutation: You are surrounded by a mild repulsion
                  | field. (EV +2) [demonic ancestry]
    65 | D:1      | Reached XP level 2. HP: 5/22 MP: 2/2
   377 | D:1      | Reached skill level 4 in Slings
   552 | D:1      | Found a faded altar of an unknown god.
   688 | D:1      | Reached XP level 3. HP: 27/27 MP: 3/3
   984 | D:2      | Found a broken altar of Ashenzari.
  2285 | D:3      | Found Xats's Armour Shoppe.
  2407 | D:3      | Gained mutation: You are surrounded by a moderate repulsion
                  | field. (EV +3) [demonic ancestry]
  2407 | D:3      | Reached XP level 4. HP: 33/33 MP: 4/4
  3273 | D:4      | Gained mutation: You have a pair of small horns on your
                  | head. [demonic ancestry]
  3273 | D:4      | Reached XP level 5. HP: 28/38 MP: 5/5
  3291 | D:4      | Found a sand-covered staircase.
  3297 | Ossuary  | Entered an ossuary
  3297 | Ossuary  | Noticed a wraith
  3297 | Ossuary  | Noticed a wraith
  3297 | Ossuary  | Noticed a wraith
  3378 | Ossuary  | Noticed a wraith
  3414 | Ossuary  | Slain by a wraith

Illustrated notes

Levels and vault maps discovered:
D:1:      minmay_arrival_semitransparent, layout_basic,
          hellmonk_ecumenical_altar_slurped_away, minmay_octomino_e4
D:2:      layout_loops_ring, basic_altar
D:3:      layout_basic, serial_shops, shop
D:4:      layout_basic, minmay_temple_entry_poolview, enter_ossuary_2,
          nicolae_concentric_dashed_squares_wild, due_unseen_surprise,
          uniq_ijyb, uniq_grinder
Ossuary:  ossuary_due_mausoleum

Skill      XL: |  1  2  3  4 |
---------------+-------------+-----
Stealth        | 1 2 |  2.4
Dodging        | 2 |  2.9
Slings         | 4 |  4.9
Fighting       | |  2.0

Action                   |  1- 3 |  4- 6 || total
-------------------------+-------+-------++-------
Melee: Short sword       |    30 |       ||    30
       Punch             |     1 |       ||     1
       Whip              |    12 |    18 ||    30
       Headbutt          |       |     4 ||     4
 Fire: Hunting sling     |   101 |    87 ||   188
  Use: Potion            |       |     1 ||     1
Armor: Leather armour    |    22 |     6 ||    28
Dodge: Dodged            |    67 |    36 ||   103

Table legend: (Time is in decaauts)
 A = Elapsed time spent in this place.
 B = Non-inter-level travel time spent in this place.
 C = Inter-level travel time spent in this place.
 D = Time resting spent in this place.
 E = Time spent auto-exploring this place.
 F = Levels seen in this place.
 G = Mean time per level.
                   A        B        C        D        E       F      G
               +--------+--------+--------+--------+--------+-----+--------+
         Total |   3413 |   3150 |    263 |    214 |   2406 |   5 |  682.6 |
       Dungeon |   3296 |   3033 |    263 |    214 |   2340 |   4 |  824.0 |
       Ossuary |    117 |    117 |      0 |      0 |     66 |   1 |  117.0 |
               +--------+--------+--------+--------+--------+-----+--------+

Top non-repeatable levels by time:
     D:2: 1106 daAuts
     D:1: 1027 daAuts
     D:3: 859 daAuts
     D:4: 303 daAuts
 Ossuary: 117 daAuts
